 Dungeon Crawl Stone Soup version 0.30-a0-125-g51eefa89be (webtiles) character file.

Game seed: 3575383815102105948

545 timneilson the Shield-Bearer (level 7, -1/43 HPs)
             Began as a Gargoyle Fighter on Sept 18, 2022.
             Slain by a wight
             ... wielding a +4 falchion
              (3 damage)
             ... on level 3 of the Dungeon.
             The game lasted 00:05:23 (4326 turns).

timneilson the Shield-Bearer (Gargoyle Fighter)     Turns: 4326, Time: 00:05:24

Health: -1/43      AC: 16    Str: 22    XL:     7   Next: 27%
Magic:  7/7        EV:  8    Int:  8    God:
Gold:   149        SH:  5    Dex:  9    Spells: 6/6 levels left

rFire   . . .      SeeInvis .    a - +1 long sword
rCold   . . .      Faith    .    c - +1 buckler
rNeg    + . .      Spirit   .    n - +0 chain mail
rPois   ∞          Reflect  .    (no helmet)
rElec   +          Harm     .    f - +1 cloak
rCorr   .          Rampage  .    (no gloves)
Will    .....                    (no boots)
Stlth   ..........               (no amulet)
HPRegen 0.14/turn                (no ring)
MPRegen 0.10/turn                (no ring)

@: no status effects
A: sickness immunity, AC +4, negative energy resistance 1, electricity
resistance, torment resistance 1, petrification resistance
a: no special abilities


You were on level 3 of the Dungeon.
You visited 1 branch of the dungeon, and saw 4 of its levels.

You collected 149 gold pieces.

Inventory:

Hand Weapons
 a - a +1 long sword (weapon)
Armour
 c - a +1 buckler (worn)
 f - a +1 cloak (worn)
 j - a +0 plate armour
 n - a +0 chain mail (worn)
Wands
 g - a wand of flame (27)
Scrolls
 b - 2 scrolls of teleportation
 e - a scroll of fear
 i - a scroll of silence
Potions
 d - 2 potions of attraction


   Skills:
 + Level 4.3 Fighting
 * Level 3.7 Long Blades
 * Level 5.1 Armour
 + Level 1.8 Dodging
 * Level 5.4 Shields
 + Level 0.5 Evocations


You had 6 spell levels left.
You didn't know any spells.
Your spell library contained the following spells:

 Spells                   Type           Power      Damage    Failure   Level
 Beastly Appendage        Tmut           0%         N/A       99%         1
 Wereblood                Tmut           0%         N/A       100%        2
 Dazzling Flash           Conj/Hex       0%         N/A       100%        3
 Spider Form              Tmut/Pois      0%         N/A       100%        3
 Agony                    Necr           0%         N/A       100%        5
 Blade Hands              Tmut           0%         N/A       100%        5
 Irradiate                Conj/Tmut      0%         3d11      100%        5
 Silence                  Hex/Air        0%         N/A       100%        5
 Dragon Form              Tmut           0%         N/A       100%        7


Dungeon Overview and Level Annotations

Branches:
Dungeon (4/15)
 Temple: D:4-7

Altars:


Innate Abilities, Weirdness & Mutations

You are immune to sickness and miasma.
Your stone body is resilient. (AC +4)
You are immune to poison.
You resist negative energy. (rN+)
You are resistant to electric shocks. (rElec)
You are resistant to unholy torment.
You are immune to petrification.


Message History

You slash the wight!
The wight is heavily damaged.
The wight hits you but does no damage.
You closely miss the wight.
The wight is heavily damaged.
The wight closely misses you.
You barely miss the wight. You block the wight's attack.
You hit the wight.
The wight is moderately damaged.
The wight barely misses you.
You hit the wight but do no damage.
The wight is moderately damaged.
The wight hits you with a +4 falchion. The wight hits you but does no damage.
You hit the wight.
The wight is severely damaged.
The wight hits you but does no damage.
You closely miss the wight.
The wight is severely damaged.
The wight hits you with a +4 falchion.
You closely miss the wight.
The wight is severely damaged.
The wight hits you with a +4 falchion.
You barely miss the wight.
The wight is severely damaged.
The wight hits you with a +4 falchion!
* * * LOW HITPOINT WARNING * * *
You hit the wight but do no damage.
The wight is severely damaged.
The wight hits you with a +4 falchion!
* * * LOW HITPOINT WARNING * * *
You block the wight's attack.
You closely miss the wight.
The wight is severely damaged.
You block the wight's attack.
Unknown command.
Okay, then.
You hit the wight.
The wight is almost destroyed.
The wight hits you with a +4 falchion.
You die...

..##.###.#.##.# #..# #.# #.#
###......[.##.# #..# #)# #.#
...........##.# #..# #.# #.#
......###[###.########..###.# #.#
####..# #...................###.#
......# ####.[#####.............#
####..# ##>## #.##..#######.#
####..#####...#####.............#
..............zz@....#..######..#
##.#.#####...).####.##..........#
##.#.# #.##........##.#######)##
##.#.# ##.###.#######.# #)##
.....######.#(## #.# #.##
........# ##.## #.# ##.#
##.####.# ### #.### #..# #.# #.#
#...# #.## #.# #.# ###.# #.#


You could see 2 wights.

Vanquished Creatures
  An ogre (D:4)
  A scorpion (D:4)
  3 wights
  2 jellies (D:4)
  An orc priest (D:3)
  A gnoll (D:1)
  5 adders
  3 dart slugs (D:3)
  14 orcs
  6 ball pythons
  6 endoplasms
  6 giant cockroaches
  4 hobgoblins
  7 kobolds (D:3)
  4 quokkas
  4 bats
  2 frilled lizards (D:1)
  9 goblins
  5 rats
84 creatures vanquished.

Notes
Turn   | Place    | Note
-------+----------+-------------------------------------------
     0 | D:1      | timneilson the Gargoyle Fighter began the quest for the
                  | Orb.
     0 | D:1      | Reached XP level 1. HP: 14/14 MP: 1/1
   144 | D:1      | Reached XP level 2. HP: 19/19 MP: 2/2
   598 | D:1      | Reached XP level 3. HP: 19/23 MP: 3/3
  1285 | D:2      | Found a faded altar of an unknown god.
  1645 | D:2      | Reached XP level 4. HP: 28/28 MP: 4/4
  2153 | D:3      | Reached skill level 1 in Dodging
  2153 | D:3      | Reached XP level 5. HP: 15/33 MP: 5/5
  3140 | D:4      | Noticed an ogre
  3160 | D:4      | Killed an ogre
  3161 | D:4      | Reached XP level 6. HP: 12/38 MP: 6/6
  3811 | D:4      | Reached skill level 5 in Shields
  4084 | D:4      | Reached XP level 7. HP: 41/43 MP: 7/7
  4093 | D:4      | Reached skill level 5 in Armour
  4324 | D:3      | HP: 1/43 [wight/+4 falchion (7)]
  4326 | D:3      | Slain by a wight

Illustrated notes

Levels and vault maps discovered:
D:1:      dreamdust_arrival_sigmund_warning, layout_basic
D:2:      wander_river, layout_basic, shapermc_ecumenical_altar_starsandcircs
D:3:      layout_loops_ring, minmay_goblin_kobold_house
D:4:      layout_loops_cross, nicolae_overflow_hidden_temple,
          hangedman_abyss_or_decor_passed, grunt_ministairs_9

Skill      XL: |  1  2  3  4  5  6  7 |
---------------+----------------------+-----
Long Blades    | 2 3 |  3.7
Shields        | 4 5 |  5.4
Armour         | 4 5 |  5.1
Dodging        | 1 |  1.8
Fighting       | 4 |  4.3
Evocations     | |  0.5

Action                   |  1- 3 |  4- 6 |  7- 9 || total
-------------------------+-------+-------+-------++-------
Melee: Long sword        |   101 |   197 |    40 ||   338
  Use: Scroll            |     2 |     9 |       ||    11
       Potion            |       |     5 |       ||     5
Armor: Scale mail        |    65 |       |       ||    65
       Chain mail        |       |   125 |    16 ||   141
Dodge: Dodged            |    49 |    62 |    15 ||   126
Block: Buckler           |    33 |    64 |    13 ||   110

Table legend: (Time is in decaauts)
 A = Elapsed time spent in this place.
 B = Non-inter-level travel time spent in this place.
 C = Inter-level travel time spent in this place.
 D = Time resting spent in this place.
 E = Time spent auto-exploring this place.
 F = Levels seen in this place.
 G = Mean time per level.
                   A        B        C        D        E       F      G
               +--------+--------+--------+--------+--------+-----+--------+
         Total |   4444 |   4320 |    124 |    439 |   3024 |   4 | 1111.0 |
       Dungeon |   4444 |   4320 |    124 |    439 |   3024 |   4 | 1111.0 |
               +--------+--------+--------+--------+--------+-----+--------+

Top non-repeatable levels by time:
     D:3: 1513 daAuts
     D:4: 1084 daAuts
     D:1: 1063 daAuts
     D:2: 782 daAuts
